 Dungeon Sprint DCSS version 0.23-a0-558-g30802b1 (webtiles) character file.

1260 JosiahThimblerig the Cleaver (level 8, 0/123 HPs)
             Began as a Hill Orc Fighter on Dec 12, 2018.
             Was a Follower of Vehumet.
             Slain by a centaur warrior (9 damage)
             ... in the Dungeon (Sprint I: "Red Sonja").
             The game lasted 00:06:28 (717 turns).

JosiahThimblerig the Cleaver (Hill Orc Fighter)      Turns: 717, Time: 00:06:29

Health: 0/123      AC: 13    Str: 25    XL:     8   Next: 52%
Magic:  8/8        EV:  8    Int: 13    God:    Vehumet [*.....]
Gold:   167        SH: 12    Dex: 11    Spells: 7/7 levels left

rFire    . . .     SeeInvis .   a - +0 war axe
rCold    . . .     Gourm    .   c - +0 shield
rNeg     . . .     Faith    .   s - +0 chain mail "Xicutixt" {Int+5} (curse)
rPois    .         Spirit   .   (no helmet)
rElec    .         Reflect  .   (no cloak)
rCorr    .         Harm     .   (no gloves)
MR       .....     NoTele   +   (no boots)
Stlth    ..........             (no amulet)
HPRegen  0.30/turn              r - +2 ring of protection
MPRegen  0.11/turn              (no ring)

@: berserking, very quick
A: no striking features
a: Renounce Religion


You were in the Dungeon.
You worshipped Vehumet.
Vehumet was aware of your devotion.
You were not hungry.

You visited 1 branch You collected 297 gold pieces.
You spent 130 gold pieces at shops.

Inventory:

Hand Weapons
 a - a +0 war axe (weapon)
 l - a +0 club
Missiles
 t - an arrow
Armour
 b - a +0 scale mail
 c - a +0 shield (worn)
 m - a +0 chain mail
 p - a +0 robe
 s - the cursed +0 chain mail "Xicutixt" (worn) {Int+5}
   (You found it in the Dungeon)

   It affects your intelligence (+5).
   It has a curse placed upon it.
Jewellery
 r - a +2 ring of protection (left hand)
Scrolls
 k - a scroll of blinking
 n - 2 scrolls of identify {unknown}
 o - a scroll of immolation {unknown}
 q - a scroll of enchant armour {unknown}
Potions
 d - a potion of might
 e - a potion of curing
 h - a potion of haste
 i - 2 potions of magic
Comestibles
 f - a ration


   Skills:
 + Level 11.4 Fighting
 + Level 12.4 Axes
 + Level 10.7 Armour
 + Level 1.0 Dodging
 + Level 9.9 Shields


You had 7 spell levels left.
You didn't know any spells.
Your spell library was empty.

Dungeon Overview and Level Annotations

Branches:
Dungeon (1/1)

Altars:
Cheibriados
Dithmenos
Elyvilon
Fedhas
Gozag
Hepliaklqana
Kikubaaqudgha
Makhleb
Nemelex Xobeh
Okawaru
Qazlal
Ru
Sif Muna
Trog
Uskayaw
Vehumet
Wu Jian
Xom
Yredelemnul
Zin
The Shining One
Jiyva
Lugonu

Shops:
D =


Message History

The centaur warrior is almost dead.
You hit the centaur warrior. You block the centaur warrior's attack.
The centaur warrior hits you!
* * * LOW HITPOINT WARNING * * *
You hit the centaur warrior.
The centaur warrior is almost dead.
You slash the centaur warrior!
You block the centaur warrior's attack. x2
You hit the centaur warrior.
You kill the centaur warrior!
Vehumet accepts your kill.
You can now gain magical power from killing.
Vehumet offers you knowledge of Shock.
Your Fighting skill increases to level 11!
Your Axes skill gained 2 levels and is now at level 12!
Your Armour skill increases to level 10!
Your Dodging skill increases to level 1!
Your Shields skill increases to level 9!
You have reached level 8!
You slash the centaur warrior! The centaur warrior hits you!
You die...

.#..'..#..'..#__#
.'..#..').#..'..+
.#####'#####'#__####
.####..#...#)####(§#
.#__####..##.#§§§§§#
.#_____##'#_.§§§≈§c+
⌠#_.∩...'..._#§§§.c#
##_..__##_.#'##c####
#_____###+#.#()@(#
####### ####+###


You could see a centaur warrior.

Vanquished Creatures
  A centaur warrior (D)
  A slime creature (D)
  Sigmund (D)
  A yak (D)
  An ogre (D)
  A jelly (D)
  Ijyb (D)
7 creatures vanquished.

Notes
Turn   | Place    | Note
-------+----------+-------------------------------------------
     0 | D        | JosiahThimblerig the Hill Orc Fighter began the quest for
                  | the Orb.
     0 | D        | Reached XP level 1. HP: 19/19 MP: 1/1
     2 | D        | Noticed Ijyb
    10 | D        | Killed Ijyb
    10 | D        | Reached skill level 5 in Fighting
    10 | D        | Reached skill level 3 in Axes
    10 | D        | Reached XP level 2. HP: 14/29 MP: 2/2
    10 | D        | Reached XP level 3. HP: 18/36 MP: 3/3
    26 | D        | Noticed an ogre
    29 | D        | Killed an ogre
    29 | D        | Reached skill level 5 in Axes
    29 | D        | Reached XP level 4. HP: 12/47 MP: 4/4
   268 | D        | Noticed Sigmund
   283 | D        | Killed Sigmund
   283 | D        | Reached skill level 7 in Axes
   283 | D        | Reached XP level 5. HP: 38/56 MP: 5/5
   283 | D        | Reached XP level 6. HP: 42/62 MP: 6/6
   397 | D        | Found an ornate altar of the Wu Jian Council.
   397 | D        | Found a deep blue altar of Sif Muna.
   399 | D        | Found a radiant altar of Vehumet.
   419 | D        | Became a worshipper of Vehumet
   434 | D        | Found Raopity's Jewellery Emporium.
   434 | D        | Found an ancient bone altar of Kikubaaqudgha.
   434 | D        | Found a hazy altar of Hepliaklqana.
   434 | D        | Found a hide-covered altar of Uskayaw.
   434 | D        | Found a basalt altar of Yredelemnul.
   434 | D        | Found an opulent altar of Gozag.
   434 | D        | Found a snail-covered altar of Cheibriados.
   434 | D        | Found a sacrificial altar of Ru.
   434 | D        | Found a shadowy altar of Dithmenos.
   434 | D        | Noticed a yak
   441 | D        | Killed a yak
   441 | D        | Reached skill level 9 in Axes
   441 | D        | Reached XP level 7. HP: 63/71 MP: 7/7
   442 | D        | Found a stormy altar of Qazlal.
   442 | D        | Found a blossoming altar of Fedhas.
   442 | D        | Found a bloodstained altar of Trog.
   442 | D        | Found an iron altar of Okawaru.
   442 | D        | Found a glowing golden altar of the Shining One.
   442 | D        | Found a glowing silver altar of Zin.
   442 | D        | Found a white marble altar of Elyvilon.
   443 | D        | Found a sparkling altar of Nemelex Xobeh.
   447 | D        | Bought a +2 ring of protection for 130 gold pieces
   482 | D        | Got a scorched chain mail
   493 | D        | Identified the cursed +0 chain mail "Xicutixt" {Int+5} (You
                  | found it in the Dungeon)
   499 | D        | Found a viscous altar of Jiyva.
   499 | D        | Found a corrupted altar of Lugonu.
   499 | D        | Noticed a slime creature
   500 | D        | Found a burning altar of Makhleb.
   500 | D        | Found a shimmering altar of Xom.
   514 | D        | Killed a slime creature
   514 | D        | Reached skill level 10 in Fighting
   514 | D        | Reached skill level 10 in Axes
   697 | D        | Noticed a centaur warrior
   698 | D        | Noticed a centaur warrior
   708 | D        | HP: 3/73 [centaur warrior/arrow (7)]
   717 | D        | Killed a centaur warrior
   717 | D        | Reached * piety under Vehumet
   717 | D        | Offered knowledge of Shock by Vehumet.
   717 | D        | Reached skill level 12 in Axes
   717 | D        | Reached skill level 10 in Armour
   717 | D        | Reached skill level 1 in Dodging
   717 | D        | Reached XP level 8. HP: 9/82 MP: 8/8
   717 | D        | Slain by a centaur warrior

Vault maps used:
D:        dungeon_sprint_1

Skill      XL: |  1  2  3  4  5  6  7 |
---------------+----------------------+-----
Fighting       | 5 7 8 9 11 | 11.4
Axes           | 3 5 7 9 12 | 12.4
Armour         | 4 6 7 8 10 | 10.7
Shields        | 4 6 7 8 9 |  9.9
Dodging        | 1 |  1.0

Action                   |  1- 3 |  4- 6 |  7- 9 || total
-------------------------+-------+-------+-------++-------
Melee: War axe           |    11 |    26 |    25 ||    62
  Use: Potion            |       |       |     2 ||     2
Armor: Scale mail        |     2 |       |       ||     2
       Chain mail        |       |     7 |    11 ||    18
Dodge: Dodged            |       |     2 |     5 ||     7
Block: Shield            |     4 |     9 |    16 ||    29

Table legend:
 A = Non-vault XP
 B = Vault XP
 C = Vault XP percentage of total XP
 D = Non-vault monster count
 E = Vault monster count
 F = Vault count percentage of total count
                 A         B        C        D         E       F
            +---------+---------+-------+---------+---------+-------
      Total |       0 |    1801 | 100.0 |       0 |       7 | 100.0
            +---------+---------+-------+---------+---------+-------
          D |       0 |    1801 | 100.0 |       0 |       7 | 100.0
            +---------+---------+-------+---------+---------+-------
